 Dungeon Crawl Stone Soup version 0.15-a0-35-ga771cbd (webtiles) character file.

2625 BestPrincess the Conjurer (level 9, -4/45 HPs)
             Began as a Deep Elf Conjurer on Apr 1, 2014.
             Slain by Herrn's ghost (18 damage)
             ... on Level 7 of the Dungeon on Apr 2, 2014.
             The game lasted 00:42:51 (5822 turns).

BestPrincess the Conjurer (Deep Elf Conjurer)       Turns: 5822, Time: 00:42:51

HP  -4/45        AC  2     Str  5      XL: 9   Next: 17%
MP  37/37        EV 13     Int 24      God:
Gold 338         SH  0     Dex 15      Spells:  5 memorised,  9 levels left

rFire  . . .     SeeInvis .     y - +2 dagger (venom)
rCold  + . .     Clarity  +     a - +0 robe
rNeg   . . .     Conserve .     (no shield)
rPois  .         rCorr    .     (no helmet)
rElec  .         rRot     .     (no cloak)
SustAb . .       Spirit   .     (no gloves)
rMut   .         Warding  .     (no boots)
Saprov . . .     Stasis   .     e - amulet of clarity
MR     .....                    q - ring of protection from cold
                                F - ring of magical power

@: not resistant to hostile enchantments, stealthy
A: no striking features
a: no special abilities


You were on level 7 of the Dungeon.
You were not hungry.

You visited 1 branch of the dungeon, and saw 7 of its levels.
You also visited: Sewer.

You collected 338 gold pieces.

Inventory:

Hand weapons
 y - a +2,+2 dagger of venom (weapon)
Armour
 a - a +0 robe (worn)
Magical devices
 f - a wand of disintegration (15) {unknown}
 s - a wand of draining (9) {unknown}
 u - a wand of magic darts (22)
Comestibles
 b - 2 bread rations
 A - 3 meat rations
Scrolls
 h - 7 scrolls of identify
 i - 2 scrolls of enchant armour {unknown}
 j - 4 scrolls of recharging
 k - a scroll of fog {unknown}
 l - a scroll of enchant weapon I {unknown}
 m - a scroll of blinking
 n - 2 scrolls of noise {unknown}
 p - 5 scrolls of teleportation
 v - 3 scrolls of remove curse
 w - 3 scrolls of enchant weapon II {unknown}
 x - 2 scrolls of amnesia {unknown}
 C - 2 scrolls of immolation {unknown}
 E - a scroll of random uselessness {unknown}
 H - a scroll of acquirement {unknown}
 I - a scroll of vulnerability {unknown}
 M - a scroll of fear {unknown}
Jewellery
 e - an amulet of clarity (around neck)
 q - a ring of protection from cold (right hand)
 F - a ring of magical power (left hand)
 N - a cursed ring of sustenance {unknown}
Potions
 d - 5 potions of curing
 g - a potion of lignification {unknown}
 o - 3 potions of heal wounds
 r - 4 potions of brilliance {unknown}
 t - a potion of restore abilities {unknown}
 z - a potion of poison {unknown}
 D - a potion of invisibility {unknown}
 G - a potion of porridge
 J - a potion of berserk rage {unknown}
 K - 2 potions of agility {unknown}
 L - a potion of mutation {unknown}
Books
 c - a book of Conjurations

   Spells                             Type                      Level
   *Magic Dart                        Conjuration                  1
   *Searing Ray                       Conjuration                  2
   Dazzling Spray                     Conjuration/Hexes            3
   *Fulminant Prism                   Conjuration/Hexes            4
   Iskenderun's Mystic Blast          Conjuration                  4
   *Iskenderun's Battlesphere         Conjuration/Charms           5
 B - a book of Hinderance

   Spells                             Type                      Level
   Confusing Touch                    Hexes                        1
   *Confuse                           Hexes                        3
   Petrify                            Transmutation/Earth          4
   Leda's Liquefaction                Hexes/Earth                  4
   Metabolic Englaciation             Hexes/Ice                    5
   Summon Mana Viper                  Hexes/Summoning              5


   Skills:
 - Level 3.0 Dodging
 - Level 3.0 Stealth
 - Level 8.2 Spellcasting
 + Level 9.3 Conjurations
 * Level 5.9 Hexes
 - Level 6.0 Charms
 - Level 4.0 Evocations


You had 9 spell levels left.
You knew the following spells:

 Your Spells              Type           Power        Failure   Level  Hunger
a - Magic Dart            Conj           ####         1%          1    None
b - Searing Ray           Conj           ######       1%          2    None
c - Fulminant Prism       Conj/Hex       #####.....   2%          4    ##.....
d - Iskenderun's Battles  Conj/Chrm      #####...     10%         5    ####...
e - Confuse               Hex            #####...     1%          3    None


Dungeon Overview and Level Annotations

Branches:
Dungeon (7/15)
 Temple: D:4-7

Altars:
Vehumet
Xom

Annotations:
D:7 Herrn's ghost, experienced MiFi


Message History

a short sword; a kobold corpse
A - 3 meat rations (gained 1) Herrn's ghost (experienced Minotaur Fighter) comes into view!
Herrn's ghost turns its malevolent gaze towards you!
You slice Herrn's ghost but do no damage!
Herrn's ghost hits you!!!
You carve Herrn's ghost but do no damage!
Herrn's ghost hits you!!!
Drink which item? (? for menu, Esc to quit)
You feel better!
It was a potion of curing!
You have identified the last healing potion!
o - 3 potions of heal wounds Herrn's ghost hits you!!!
* * * LOW HITPOINT WARNING * * *
Unknown command!
Drink which item? (? for menu, Esc to quit)
You feel better!
Herrn's ghost says very slowly, "There's no hope!"
Herrn's ghost hits you!!!
You die!!!

#....<.........%(..
#....(%....))......
+...............)..
#...........[......
#........)..[......
##.......##########
#.......# #p......#
#@......# #.......#
#.......# #.......#
#.......# #.......#
#.......# #...%(..#
#....(..#


You could see Herrn's ghost.

Vanquished Creatures
  2 hippogriffs (D:6)
  A water moccasin (D:4)
  3 ogres
  An orc warrior (D:7)
  A phantom (D:4)
  A big kobold (D:7)
  2 centaurs
  A giant frog (D:4)
  A scorpion (D:6)
  3 wights (D:6)
  3 crimson imps
  2 hounds
  4 orc priests
  A gnoll shaman (D:4)
  7 orc wizards
  An iguana (D:5)
  3 worker ants
  Ijyb (D:3)
  A green rat (D:6)
  A scorpion zombie (D:6)
  7 adders
  10 gnolls
  3 shadow imps
  2 giant mites (D:6)
  4 worms
  A giant eyeball (D:6)
  5 giant geckos
  3 oozes
  30 orcs
  33 ball pythons
  12 goblins
  5 hobgoblins
  9 jackals
  20 kobolds
  A quokka (D:5)
  11 bats
  6 giant cockroaches
  4 giant newts
  A giant newt skeleton (D:4)
  A giant spore (D:6)
  A hobgoblin skeleton (D:4)
  A kobold zombie (D:5)
  An orc skeleton (D:6)
  16 rats
  A ballistomycete (D:6)
228 creatures vanquished.

Vanquished Creatures (others)
  26 fulminant prisms
26 creatures vanquished.

Grand Total: 254 creatures vanquished

Notes
Turn   | Place    | Note
--------------------------------------------------------------
     0 | D:1      | BestPrincess, the Deep Elf Conjurer, began the quest for the Orb.
     0 | D:1      | Reached XP level 1. HP: 10/10 MP: 5/5
     0 | D:1      | Upgraded the game from 0.15-a0-33-ga435e27 to 0.15-a0-35-ga771cbd
   153 | D:1      | Reached XP level 2. HP: 15/15 MP: 4/8
   220 | D:1      | Learned a level 2 spell: Searing Ray
   258 | D:1      | Reached skill level 5 in Conjurations
   696 | D:2      | Reached XP level 3. HP: 19/19 MP: 8/11
  1417 | D:3      | Reached XP level 4. HP: 24/24 MP: 11/14
  1525 | D:3      | Noticed Ijyb
  1532 | D:3      | Killed Ijyb
  1706 | D:3      | Learned a level 4 spell: Fulminant Prism
  1906 | D:4      | Found a radiant altar of Vehumet.
  2085 | D:4      | Reached XP level 5. HP: 28/28 MP: 12/18
  2166 | D:4      | Reached skill level 6 in Conjurations
  2171 | D:4      | Reached skill level 1 in Hexes
  2178 | D:4      | Reached skill level 5 in Spellcasting
  2323 | D:4      | Learned a level 5 spell: Iskenderun's Battlesphere
  2355 | D:4      | Reached XP level 6. HP: 32/32 MP: 11/21
  2496 | D:4      | Noticed an ogre
  2503 | D:4      | Killed an ogre
  2571 | D:4      | Noticed a phantom
  2586 | D:4      | Killed a phantom
  2598 | D:4      | Noticed a giant frog
  2603 | D:4      | Killed a giant frog
  2603 | D:4      | Reached skill level 7 in Conjurations
  2603 | D:4      | Reached XP level 7. HP: 14/36 MP: 6/24
  2769 | D:4      | Noticed a water moccasin
  2775 | D:4      | Killed a water moccasin
  2786 | D:4      | Noticed an ogre
  2790 | D:4      | Killed an ogre
  2944 | D:4      | Reached skill level 8 in Spellcasting
  3286 | D:5      | Entered Level 5 of the Dungeon
  3381 | D:5      | Learned a level 3 spell: Confuse
  3391 | D:5      | Reached skill level 1 in Evocations
  3485 | D:5      | Reached XP level 8. HP: 33/41 MP: 18/27
  3929 | D:5      | Reached skill level 1 in Charms
  4302 | D:6      | Reached skill level 5 in Charms
  4376 | D:6      | Paralysed by a giant eyeball for 4 turns
  4544 | D:6      | Reached skill level 5 in Hexes
  4583 | D:6      | Found a glowing drain.
  4587 | Sewer    | Entered a sewer
  5230 | D:6      | Found a shimmering altar of Xom.
  5270 | D:6      | Reached XP level 9. HP: 13/45 MP: 28/28
  5427 | D:7      | Reached skill level 9 in Conjurations
  5443 | D:6      | HP: 2/45 [poisoned by an adder]
  5451 | D:6      | HP: 1/45 [poisoned by an adder]
  5814 | D:7      | Noticed Herrn's ghost (experienced MiFi)
  5822 | D:7      | Slain by Herrn's ghost

Action                   |  1- 3 |  4- 6 |  7- 9 || total
-------------------------+-------+-------+-------++-------
Melee: Dagger            |       |       |     2 ||     2
 Cast: Magic Dart        |    59 |    47 |   161 ||   267
       Searing Ray       |     6 |    15 |    29 ||    50
       Fulminant Prism   |       |     2 |    24 ||    26
       Iskenderun's Batt |       |       |     1 ||     1
  Use: Scroll            |       |       |     7 ||     7
       Potion            |       |       |     2 ||     2
